 Dungeon Crawl Stone Soup version 0.28-a0-1555-g9ae15a6949 (webtiles) character file.

Game seed: 17841163324137922178

40 Hasart the Insei (level 3, 0/23 HPs)
             Began as an Octopode Transmuter on Jan 18, 2022.
             Succumbed to an adder's poison
             ... on level 2 of the Dungeon.
             The game lasted 00:04:21 (1739 turns).

Hasart the Insei (Octopode Transmuter)              Turns: 1739, Time: 00:04:21

Health: 0/23       AC:  1    Str:  9    XL:     3   Next: 50%
Magic:  6/6        EV: 13    Int: 23    God:
Gold:   67         SH:  0    Dex: 12    Spells: 3/6 levels left

rFire   . . .      SeeInvis .     - Unarmed
rCold   . . .      Faith    .   (no shield)
rNeg    . . .      Spirit   .   (helmet restricted)
rPois   .          Reflect  .   (no amulet)
rElec   .          Harm     .   f - +6 ring of intelligence
rCorr   .          Rampage  .   (no ring)
Will    .....                   (no ring)
Stlth   ++........              (no ring)
HPRegen 0.07/turn               (no ring)
MPRegen 0.10/turn               (no ring)
                                (no ring)
                                (no ring)

@: lethally poisoned (0 -> -1)
A: almost no armour, amphibious, 8 rings, camouflage 1, gelatinous body 1,
(nimble swimmer 1), tentacles
a: no special abilities


You were on level 2 of the Dungeon.
You visited 1 branch of the dungeon, and saw 2 of its levels.

You collected 67 gold pieces.

Inventory:

Missiles
 c - 4 boomerangs (quivered)
Jewellery
 f - a +6 ring of intelligence (left tentacle)
Scrolls
 b - 3 scrolls of torment {unknown}
 e - a scroll of brand weapon {unknown}
Potions
 a - 2 potions of cancellation {unknown}
 d - 2 potions of heal wounds {unknown}
 g - a potion of curing {unknown}


   Skills:
 + Level 1.5 Fighting
 + Level 0.0 Throwing
 + Level 2.3 Dodging
 * Level 3.4 Unarmed Combat
 + Level 2.2 Spellcasting
 + Level 2.4 Transmutations


You had 3 spell levels left.
You knew the following spells:

 Your Spells              Type           Power      Damage    Failure   Level
a - Beastly Appendage     Tmut           26%        N/A       4%          1
b - Wereblood             Tmut           13%        N/A       7%          2

Your spell library contained the following spells:

 Spells                   Type           Power      Damage    Failure   Level
 Spider Form              Tmut/Pois      8%         N/A       22%         3
 Ice Form                 Ice/Tmut       8%         N/A       58%         4


Dungeon Overview and Level Annotations

Branches:
Dungeon (2/15)

Altars:

Shops:
D:1 ?[(=


Innate Abilities, Weirdness & Mutations

You cannot wear most types of armour.
You are amphibious.
You can wear up to eight rings at the same time.
Your skin changes colour to match your surroundings (Stealth+).
Your rubbery body absorbs attacks. (AC +1, EV +1)
((You are camouflaged when in or above water. (Stealth+)))
You have tentacles for arms and can constrict up to eight enemies at once.


Message History

There is a stone staircase leading up here.
There are monsters nearby!
Found a stone staircase leading up.
The adder hisses angrily.
The adder bites you.
You tentacle-slap the adder. Your grab misses the adder.
The adder is lightly wounded.
The adder bites you.
You barely miss the adder. Your grab misses the adder.
The adder is lightly wounded.
The adder closely misses you.
You tentacle-slap the adder. Your grab misses the adder.
Your squeeze misses the adder.
The adder is heavily wounded.
The adder closely misses you. The adder bites you.
You barely miss the adder. Your grab misses the adder.
The adder is moderately wounded.
The adder bites you.
You are poisoned.
The adder poisons you!
You miss the adder. Your grab misses the adder.
The adder is moderately wounded.
You feel sick. The adder misses you.
Unknown command.
You closely miss the adder. You grab the adder.
The adder is moderately wounded.
You constrict the adder.
You feel sick. The rat bites you.
* * * LOW HITPOINT WARNING * * *
The adder misses you.
Unknown command.
You barely miss the adder.
You squeeze the adder, but do no damage.
The adder is heavily wounded.
You constrict the adder.
You feel sick. The adder bites you.
* * * LOW HITPOINT WARNING * * *
The rat bites you.
* * * LOW HITPOINT WARNING * * *
You barely miss the adder. You squeeze the adder.
You kill the adder!
You die...

#... ...
#.#.###.#
#.......#
#......##
##......<
#.......##
#....r...#
#....†@.<#
#......#.#
#......#.#
########.#
#.# #.#
#.# #.#


You could see a rat.

Vanquished Creatures
  An adder (D:2)
  6 ball pythons (D:1)
  An endoplasm (D:1)
  2 giant cockroaches (D:1)
  3 goblins (D:1)
  2 hobgoblins (D:1)
  4 jackals (D:1)
  2 kobolds (D:1)
  3 quokkas (D:1)
  3 bats (D:1)
  3 frilled lizards (D:1)
  8 rats (D:1)
38 creatures vanquished.

Notes
Turn   | Place    | Note
-------+----------+-------------------------------------------
     0 | D:1      | Hasart the Octopode Transmuter began the quest for the Orb.
     0 | D:1      | Reached XP level 1. HP: 13/13 MP: 3/3
   373 | D:1      | Reached XP level 2. HP: 17/18 MP: 5/5
   381 | D:1      | Learned a level 2 spell: Wereblood
   388 | D:1      | Found Famuicet's Jewellery Shop.
   480 | D:1      | Found Nyqebrar's Weapon Emporium.
   739 | D:1      | Reached XP level 3. HP: 23/23 MP: 6/6
   788 | D:1      | Found Cotz's Magic Scroll Emporium.
  1103 | D:1      | Found Rytokk's Antique Armour Emporium.
  1671 | D:1      | Found a faded altar of an unknown god.
  1738 | D:2      | HP: 1/23 [rat (1)]
  1739 | D:2      | Succumbed to an adder's poison

Illustrated notes

Levels and vault maps discovered:
D:1:      tarquinn_simple_flora_water_d, layout_loops_cross,
          shapermc_ecumenical_altar_mp_vishouse, serial_shops, shop, shop, shop,
          shop, minmay_misc_feat_roman, minmay_tripent
D:2:      layout_basic, basic_altar, uniq_jessica

Action                   || total
-------------------------++-------
Melee: Unarmed           ||    94
       Constrict         ||    28
       Tentacles         ||    19
       Punch             ||     1
 Stab: Sleeping          ||     6
Armor: Skin              ||    15
Dodge: Dodged            ||    55

Table legend: (Time is in decaauts)
 A = Elapsed time spent in this place.
 B = Non-inter-level travel time spent in this place.
 C = Inter-level travel time spent in this place.
 D = Time resting spent in this place.
 E = Time spent auto-exploring this place.
 F = Levels seen in this place.
 G = Mean time per level.
                   A        B        C        D        E       F      G
               +--------+--------+--------+--------+--------+-----+--------+
         Total |   1732 |   1707 |     25 |      0 |   1481 |   2 |  866.0 |
       Dungeon |   1732 |   1707 |     25 |      0 |   1481 |   2 |  866.0 |
               +--------+--------+--------+--------+--------+-----+--------+

Top non-repeatable levels by time:
     D:1: 1722 daAuts
     D:2: 9 daAuts
